cohdb
Replays
Latest Replays
All Replays
Popular Replays
Top Player Replays
Match Explorer
How It Works
Community
CoH3 Stats
Reddit
Sign in to upload your games and track your stats! →
Sign in with Steam
Match 35782478
Unlisted
Match 35782478
Overview
Messages
Build Orders
End
Construct Barracks
Riflemen Squad
M1 Mortar Team
Riflemen Squad
Construct Weapon Support Center
Infantry Support Center
M3 Armored Personnel Carrier
Grenade Package
Engineer Squad
Selects Armored Battlegroup
M1918 Browning Automatic Rifles
Selects Fast Deploy
Selects M8 Scott SPG
Forward Retreat Point
Construct Motor Pool
M1 Anti-tank Gun Team
Riflemen Squad
Riflemen Squad
Engineer Squad
Construct Tank Depot
Selects UNKNOWN (2160077)
M4A3E8 Sherman Easy Eight
Riflemen Squad
Selects Veteran Crews
Selects M31 Recovery Vehicle
Selects War Machine
M4A3E8 Sherman Easy Eight
M31 Recovery Vehicle
Riflemen Squad
M4A3E8 Sherman Easy Eight
Wheanors McQueen
4leches
kaize119
Smorrebrod
MuniekPL
|-J5D-| MAREK POLSKA
Husar
catareck
0
0
Comments
sign in to comment!
No comments posted yet!